AoeStats
← Chuckles

Hideout

509343691Analyzed
1v1 RM · 7d ago on Sep 26, 2026· 43m 35s· 2 players
Game mode
Random Map
Map size
Tiny (2 player)
Population
200
Speed
Normal
Resources
Standard
Victory
Conquest
Starting age
Dark Age
Ending age
Imperial Age
RankedLock teamsTeams togetherTeam positionsShared explorationLock speedFull tech treeHidden civsTurbo modeCheats
Victory
Defeat
🇹🇷 Khitans · Türkiye
744
+15
🇺🇸 Koreans · United States
712
-32
Chuckles
10:33 Feudal Age
26:39 Castle Age
27:27 Fletching
27:39 Scale Mail Armor
27:50 Forging
27:28 Elite Skirmisher
28:14 Thumb Ring
28:10 Bodkin Arrow
31:23 Chain Mail Armor
33:11 Double-Bit Axe
34:47 Gold Mining
34:48 Stone Mining
40:12 Pikeman
40:53 Squires
valiant
10:23 Feudal Age
16:39 Wheelbarrow
18:30 Castle Age
19:40 Domestication
19:48 Double-Bit Axe
20:24 Pastoralism
23:01 Bow Saw
31:30 Imperial Age
29:42 Hand Cart
30:24 Gold Mining
32:59 Stone Mining
33:41 Transhumance
34:13 Two-Man Saw
33:33 Husbandry
32:54 Light Cavalry
35:03 Scale Barding Armor
35:08 Forging
38:23 Stone Shaft Mining
38:34 Chain Barding Armor
38:50 Iron Casting
Connection lost

Rejoining the realm…

Still unreachable

The connection could not be restored.

Session expired

The server has moved on; the page needs a fresh start.